 Dungeon Crawl Stone Soup version 0.28.0-47-ge53b351184 (webtiles) character file.

Game seed: 2740948681614419391

3495 101zpm the Thaumaturge (level 10, -1/62 HPs)
             Began as a Djinni Ice Elementalist on Apr 26, 2022.
             Slain by Grum
             ... wielding a +1 spear
              (18 damage)
             ... on level 9 of the Dungeon.
             The game lasted 00:22:35 (7850 turns).

101zpm the Thaumaturge (Djinni Ice Elementalist)    Turns: 7850, Time: 00:22:35

Health: -1/62      AC:  5    Str:  7    XL:     10   Next: 28%
Gold:   273        EV: 13    Int: 22    God:
                   SH:  0    Dex: 13

rFire   + + +      SeeInvis .   g - +1 short sword (freeze)
rCold   x . .      Faith    .   (no shield)
rNeg    + . .      Spirit   .   C - +2 robe {rF+}
rPois   ∞          Reflect  .   (no helmet)
rElec   .          Harm     .   (no cloak)
rCorr   .          Rampage  .   o - +0 pair of gloves
Will    +....                   (boots unavailable)
Stlth   ++........              (no amulet)
HPRegen 0.20/turn               x - ring of positive energy
MPRegen 0.00/turn               (no ring)

@: flying
A: sickness immunity, fire resistance 2, cold vulnerability 1, float, innate
caster, HP casting, extra vitality 1
a: no special abilities


You were on level 9 of the Dungeon.
You visited 1 branch of the dungeon, and saw 9 of its levels.

You collected 363 gold pieces.
You spent 90 gold pieces at shops.

Inventory:

Hand Weapons
 g - a +1 short sword of freezing (weapon)
 w - the +3 quarterstaff of the Imperium {drain, Fragile rN+ Will++}
   (You found it on level 7 of the Dungeon)

   A truly terrible weapon, it drains the life of any living foe it strikes.
   rN:        It protects you from negative energy.
   Fragile:   It will be destroyed if unequipped.
   Will:      It greatly increases your willpower.
Armour
 a - a +0 robe
 o - a +0 pair of gloves (worn)
 C - a +2 robe of fire resistance (worn)
Jewellery
 x - a ring of positive energy (left hand)
 y - a ring of fire
Wands
 f - a wand of flame (40)
 h - a wand of iceblast (8)
Scrolls
 d - 4 scrolls of teleportation {unknown}
 e - 12 scrolls of identify
 j - 2 scrolls of acquirement {unknown}
 l - a scroll of enchant armour {unknown}
 m - a scroll of torment {unknown}
 n - 3 scrolls of immolation {unknown}
 r - 3 scrolls of blinking {unknown}
 s - a scroll of summoning {unknown}
 u - a scroll of enchant weapon {unknown}
 B - a scroll of magic mapping
Potions
 b - a potion of resistance {unknown}
 c - 2 potions of brilliance {unknown}
 i - 2 potions of lignification {unknown}
 k - 3 potions of haste
 p - 3 potions of curing {unknown}
 q - 2 potions of degeneration {unknown}
 t - a potion of magic {unknown}
 v - a potion of ambrosia {unknown}
 z - a potion of mutation {unknown}
 A - a potion of might


   Skills:
 + Level 1.3 Fighting
 + Level 0.5 Short Blades
 + Level 3.2 Dodging
 + Level 3.6 Stealth
 + Level 10.7 Spellcasting


You had 10 spell levels left.
You knew the following spells:

 Your Spells              Type           Power      Damage    Failure   Level
a - Freeze                Ice            100%       1d11      1%          1
b - Frozen Ramparts       Ice            100%       1d12      1%          3
c - Ozocubu's Armour      Ice            56%        N/A       1%          3
d - Hailstorm             Conj/Ice       56%        3d12      1%          4
e - Foxfire               Conj/Fire      100%       2x1d9     1%          1
f - Scorch                Fire           100%       2d10      1%          2
g - Call Canine Familiar  Summ           56%        N/A       1%          3
h - Summon Guardian Gole  Hex/Summ       56%        N/A       1%          3
Your spell library was empty.

Dungeon Overview and Level Annotations

Branches:
Dungeon (9/15)             Temple (0/1) D:5
   Lair: D:8-11         Orc: D:9-12

Altars:
Dithmenos
Kikubaaqudgha
Zin

Shops:
D:5 ?   D:6 [

Annotations:
D:8 3 runed translucent doors, chujev's ghost, novice MiBe
D:9 Grum


Innate Abilities, Weirdness & Mutations

You are immune to sickness and miasma.
You are immune to poison.
Your flesh is very heat resistant. (rF++)
You are vulnerable to cold. (rC-)
You float through the air rather than walking.
You learn spells naturally, not from books.
Your magical power is your life essence.
You have superior vitality. (+4 MHP)


Message History

You kill the killer bee!
The hail pelts the wolf!!
The wolf is almost dead.
The hail pelts Grum!
Grum is moderately wounded.
Casting: Hailstorm (dangerous; 1% risk of failure)
Confirm with . or Enter, or press ? or * to list all spells.
The wolf bites you but does no damage. The wolf bites you!
A howler monkey comes into view.
Casting: Call Canine Familiar (safe; 1% risk of failure)
Confirm with . or Enter, or press ? or * to list all spells.
You conjure some foxfire!
The wolf bites you!
Grum drinks a potion.
Grum seems to grow stronger.
The wolf closely misses you.
Casting: Foxfire (safe; 1% risk of failure)
Confirm with . or Enter, or press ? or * to list all spells.
You conjure some foxfire!
The foxfire hits Grum.
Grum is heavily wounded.
The foxfire hits Grum!
Grum is severely wounded.
Your wolf barely misses the wolf.
The wolf bites you.
Grum hits you from afar with a +1 spear.
* * * LOW HITPOINT WARNING * * *
The howler monkey hoots and howls with incredible vigour!
Your wolf bites the wolf!
The wolf dies!
A howler monkey comes into view.
You hear a bellow!
You hear a howl!
You hear two shouts!
You hear an angry buzzing noise.
You hear an angry hiss.
You hear a shout!
You hear an angry buzzing noise.
Casting: Foxfire (safe; 1% risk of failure)
Confirm with . or Enter, or press ? or * to list all spells.
You conjure some foxfire!
* * * LOW HITPOINT WARNING * * *
The foxfire hits Grum.
Grum is severely wounded.
The foxfire hits the howler monkey.
The howler monkey is lightly wounded.
Your wolf completely misses Grum.
Grum hits you from afar with a +1 spear!!
You die...

.......h.......
<..........)...
...............
...............
...............
.......g.......
......v9h§.....
....†§.@§......
...h..§§v..?...
......§........
....h..........
.......$.......
..........###..
........... .
...........#


You could see Grum (strong, ally target), 3 howler monkeys, a friendly guardian
golem (summoned) and a friendly wolf (summoned, sheltered).

Vanquished Creatures
  Sigmund (D:6)
  Duvessa (D:4)
  An ice beast (D:4)
  2 ogres (D:5)
  A wolf (D:9)
  3 lemures (D:8)
  A centaur (D:8)
  4 bullfrogs
  A water moccasin zombie (D:6)
  A wyvern zombie (D:8)
  2 scorpions
  A wyvern skeleton (D:6)
  6 killer bees (D:9)
  Dowan (D:4)
  2 howler monkeys (D:8)
  A centaur zombie (D:8)
  2 hounds
  2 jellies
  An orc priest (D:7)
  8 iguanas
  Ijyb (D:4)
  Natasha (thrice) (D:4)
  An orc wizard (D:5)
  Robin (D:3)
  4 gnolls
  2 adders
  2 ufetubi
  8 dart slugs (D:5)
  4 orcs
  4 endoplasms
  6 goblins
  5 hobgoblins
  2 quokkas (D:4)
  2 ball pythons
  A frilled lizard (D:1)
88 creatures vanquished.

Vanquished Creatures (collateral kills)
  Pikel (D:8)
  2 water moccasins
  An ice beast (D:8)
  A wolf (D:9)
  A centaur (D:6)
  Blork the orc (D:6)
  A water moccasin zombie (D:6)
  A howler monkey (D:8)
  A hound (D:6)
  2 centaur skeletons
  An iguana (D:7)
  An orc wizard (D:7)
  A howler monkey skeleton (D:7)
  2 orcs
17 creatures vanquished.

Vanquished Creatures (others)
  A jelly (D:6)
  557 foxfires
  4 plants
562 creatures vanquished.

Grand Total: 667 creatures vanquished

Notes
Turn   | Place    | Note
-------+----------+-------------------------------------------
     0 | D:1      | 101zpm the Djinni Ice Elementalist began the quest for the
                  | Orb.
     0 | D:1      | Reached XP level 1. HP: 15/15 MP: 0/0
    93 | D:1      | Reached XP level 2. HP: 7/21 MP: 0/0
   569 | D:2      | Reached XP level 3. HP: 9/25 MP: 0/0
   569 | D:2      | Learned a level 1 spell: Foxfire
   772 | D:3      | Noticed Robin
   779 | D:3      | Killed Robin
   780 | D:3      | Reached skill level 4 in Spellcasting
  1187 | D:4      | Reached XP level 4. HP: 22/31 MP: 0/0
  1386 | D:4      | Found a glowing silver altar of Zin.
  1430 | D:4      | Noticed Natasha
  1433 | D:4      | Killed Natasha
  1434 | D:4      | Reached XP level 5. HP: 32/35 MP: 0/0
  1434 | D:4      | Learned a level 2 spell: Scorch
  1645 | D:4      | Noticed Dowan
  1649 | D:4      | Noticed Duvessa
  1655 | D:4      | Killed Dowan
  1656 | D:4      | Reached skill level 5 in Spellcasting
  1656 | D:4      | Reached XP level 6. HP: 31/41 MP: 0/0
  1659 | D:4      | Killed Duvessa
  1695 | D:4      | Noticed Natasha
  1698 | D:4      | Killed Natasha
  1722 | D:4      | Noticed Ijyb
  1728 | D:4      | Killed Ijyb
  1941 | D:4      | Reached XP level 7. HP: 43/46 MP: 0/0
  1941 | D:4      | Learned a level 3 spell: Call Canine Familiar
  2010 | D:4      | Noticed Natasha
  2014 | D:4      | Killed Natasha
  2051 | D:4      | Reached skill level 6 in Spellcasting
  2424 | D:5      | Entered Level 5 of the Dungeon
  2695 | D:5      | Reached XP level 8. HP: 17/51 MP: 0/0
  2991 | D:5      | Reached skill level 7 in Spellcasting
  3138 | D:5      | Found Zeap's Magic Scroll Shoppe.
  3231 | D:5      | Found a shadowy altar of Dithmenos.
  3312 | D:5      | Found a staircase to the Ecumenical Temple.
  3754 | D:6      | Noticed Sigmund
  3760 | D:6      | Killed Sigmund
  3761 | D:6      | Reached skill level 8 in Spellcasting
  3787 | D:6      | Noticed Blork the orc
  4185 | D:6      | Reached skill level 1 in Fighting
  4185 | D:6      | Reached XP level 9. HP: 42/57 MP: 0/0
  4185 | D:6      | Learned a level 3 spell: Summon Guardian Golem
  4564 | D:6      | Found Bybieful's Antique Armour Shop.
  4610 | D:6      | Killed Blork the orc
  4611 | D:6      | Reached skill level 9 in Spellcasting
  5381 | D:7      | Identified the +3 quarterstaff of the Imperium {drain,
                  | Fragile rN+ Will++}
  6605 | D:8      | Noticed Pikel
  6624 | D:8      | Noticed a nine-headed hydra
  6625 | D:8      | Found a runed translucent gate.
  6626 | D:8      | Found a runed translucent gate.
  6626 | D:8      | Noticed chujev's ghost (novice MiBe)
  6627 | D:8      | Found a runed translucent gate.
  6832 | D:8      | Killed Pikel
  6833 | D:8      | Reached skill level 10 in Spellcasting
  6833 | D:8      | Reached XP level 10. HP: 40/62 MP: 0/0
  7682 | D:5      | Bought a scroll of identify for 24 gold pieces
  7682 | D:5      | Bought a scroll of identify for 24 gold pieces
  7682 | D:5      | Bought a scroll of magic mapping for 42 gold pieces
  7841 | D:9      | Noticed Grum
  7850 | D:9      | Slain by Grum

Illustrated notes

Levels and vault maps discovered:
D:1:      roderic_crossed_star, layout_basic, serial_bayou,
          serial_bayou_crossing, serial_bayou_lagoon_a, serial_bayou_pond_a,
          serial_bayou_shore_a
D:2:      layout_loops_ring, st_stairs_3, minmay_hexomino_f4
D:3:      layout_basic, mainiacjoe_overflow_surrounded_room,
          chequers_ecumenical_altar_island, amcnicky_mini_corridor_feature,
          kennysheep_path_1, minmay_misc_feat_room, uniq_terence, uniq_robin,
          uniq_crazy_yiuf_cottage
D:4:      layout_gridville, mainiacjoe_overflow_paths, uniq_natasha, uniq_ijyb,
          uniq_duvessa
D:5:      kennysheep_slugbush, layout_loops_cross,
          nicolae_kikubaaqudgha_miasma_corner,
          grunt_dithmenos_smoke_and_mirrors, minmay_temple_entry_sparse_star,
          serial_shops, nicolae_stop_n_shop_2
D:6:      layout_cave_pools, serial_shops, shop, uniq_blork_the_orc,
          uniq_sigmund
D:7:      layout_basic
D:8:      layout_gridville, gammafunk_ghost_hydra_chop, uniq_pikel
D:9:      layout_cross, led_sif_book, nicolae_wu_jian_glorious_leap,
          nicolae_gozag_seed_capital, uniq_grum

Skill      XL: |  1  2  3  4  5  6  7  8  9 |
---------------+----------------------------+-----
Spellcasting   | 4 5 6 8 10 | 10.7
Stealth        | 2 3 |  3.6
Dodging        | 3 |  3.2
Fighting       | 1 |  1.3
Short Blades   | |  0.5

Action                   |  1- 3 |  4- 6 |  7- 9 | 10-12 || total
-------------------------+-------+-------+-------+-------++-------
Melee: Short sword       |       |       |     8 |       ||     8
 Cast: Freeze            |    36 |     3 |     6 |     1 ||    46
       Foxfire           |       |    47 |   256 |    22 ||   325
       Scorch            |       |     2 |     1 |       ||     3
       Call Canine Famil |       |       |    19 |     3 ||    22
       Summon Guardian G |       |       |    21 |     2 ||    23
       Hailstorm         |       |       |       |     2 ||     2
Armor: Robe              |     2 |       |     4 |     3 ||     9
Dodge: Dodged            |     9 |     2 |    26 |     4 ||    41
